[Event "AUT Bundesliga 2021-22"]
[Site "Graz"]
[Date "2022.04.22"]
[Round "10.12"]
[White "Rogic, Davor"]
[Black "Halvax, Georg"]
[Result "*"]
[ECO "B33"]
[WhiteElo "2453"]
[BlackElo "2405"]
[Annotator "TA"]
[PlyCount "18"]
[EventDate "2021.11.04"]
[EventType "team-tourn"]
[EventCountry "AUT"]
[SourceTitle "playchess.com"]
[Source "ChessBase"]
[SourceQuality "1"]
[TimeControl "40/5400+30:1800+30"]

1. e4 c5 2. Nf3 Nc6 3. d4 cxd4 4. Nxd4 Nf6 5. Nc3 e5 6. Ndb5 d6 7. Bg5 a6 8. Na3 b5 9. Nd5 {[%emt 0:00:26] [#]} Qa5+ $146 ({Predecessor:} 9... Be7 10. Bxf6 Bxf6 11. c3 Bg5 12. Nc2 Ne7 13. Ncb4 O-O 14. g3 Be6 15. h4 Bh6 16. Bg2 a5 17. Nxe7+ Qxe7 18. Nd5 Qb7 19. g4 Bxd5 20. Qxd5 Qxd5 21. exd5 {½-½ (25) Sindarov,J (2558)-Vakhidov,J (2534) Chess.com INT 2021}) *

[Event "AUT Bundesliga 2021-22"]
[Site "Graz"]
[Date "2022.04.22"]
[Round "10.13"]
[White "Lenic, Luka"]
[Black "Shengelia, David"]
[Result "*"]
[ECO "E17"]
[WhiteElo "2634"]
[BlackElo "2503"]
[Annotator "TA"]
[PlyCount "37"]
[EventDate "2021.11.04"]
[EventType "team-tourn"]
[EventCountry "AUT"]
[SourceTitle "playchess.com"]
[Source "ChessBase"]
[SourceQuality "1"]
[TimeControl "40/5400+30:1800+30"]

1. d4 Nf6 2. c4 e6 3. Nf3 b6 4. g3 Bb7 5. Bg2 Be7 {[%emt 0:01:18] [#]} {Predecessor:} 6. O-O $146 {E19: Queen's Indian: Old Main Line with 7...Ne4 8 Qc2 Nxc3 8 Qxc3.} O-O 7. Nc3 Ne4 8. Qc2 Nxc3 9. Qxc3 c5 10. Rd1 d6 11. d5 exd5 12. cxd5 Bf6 13. Qc2 Nd7 14. Bf4 Qe7 15. e4 Rfe8 16. Re1 b5 17. a4 a6 18. axb5 axb5 19. Qb3 {½-½ (46) Caruana,F (2806)-Rapport,R (2763) Saint Louis 2021} *

[Event "AUT Bundesliga 2021-22"]
[Site "Graz"]
[Date "2022.04.22"]
[Round "10.14"]
[White "Doric, Darko"]
[Black "Lagarde, Maxime"]
[Result "*"]
[ECO "A05"]
[WhiteElo "2478"]
[BlackElo "2626"]
[Annotator "TA"]
[PlyCount "26"]
[EventDate "2021.11.04"]
[EventType "team-tourn"]
[EventCountry "AUT"]
[SourceTitle "playchess.com"]
[Source "ChessBase"]
[SourceQuality "1"]
[TimeControl "40/5400+30:1800+30"]

1. Nf3 Nf6 2. g3 b5 3. Bg2 Bb7 4. O-O {[%emt 0:00:31] [#] A rather calm draw.} {Predecessor:} e6 $146 5. b3 c5 6. c4 {A05: Réti Opening: 1 Nf3 Nf6.} b4 7. a3 a5 8. Bb2 Be7 9. d4 O-O 10. axb4 cxb4 11. Nbd2 d6 12. Qc2 Qc7 13. e4 Rc8 {½-½ (39) Duda,J (2750)-Le,Q (2709) chess24.com INT 2022} *

[Event "AUT Bundesliga 2021-22"]
[Site "Graz"]
[Date "2022.04.22"]
[Round "10.15"]
[White "Schreiner, Peter"]
[Black "Lehner, Oliver"]
[Result "*"]
[ECO "E01"]
[WhiteElo "2435"]
[BlackElo "2393"]
[Annotator "TA"]
[PlyCount "28"]
[EventDate "2021.11.04"]
[EventType "team-tourn"]
[EventCountry "AUT"]
[SourceTitle "playchess.com"]
[Source "ChessBase"]
[SourceQuality "1"]
[TimeControl "40/5400+30:1800+30"]

1. d4 Nf6 2. c4 e6 3. g3 d5 4. Bg2 dxc4 {[%emt 0:00:47] [#] Not much happened in this game.} {Predecessor:} 5. Nf3 $146 Bb4+ 6. Bd2 {E04: Open Catalan: 5 Nf3.} a5 7. Qc1 b6 8. Bxb4 axb4 9. Qxc4 Bb7 10. O-O Nc6 11. Nbd2 O-O 12. Rfc1 Nd5 13. Qc2 h6 14. Nc4 Ra7 {1-0 (58) Grischuk,A (2764)-Carlsen,M (2856) Warsaw 2021} *

[Event "AUT Bundesliga 2021-22"]
[Site "Graz"]
[Date "2022.04.22"]
[Round "10.16"]
[White "Tica, Sven"]
[Black "Diermair, Andreas"]
[Result "*"]
[ECO "A40"]
[WhiteElo "2423"]
[BlackElo "2469"]
[Annotator "TA"]
[PlyCount "27"]
[EventDate "2021.11.04"]
[EventType "team-tourn"]
[EventCountry "AUT"]
[SourceTitle "playchess.com"]
[Source "ChessBase"]
[SourceQuality "1"]
[TimeControl "40/5400+30:1800+30"]

1. d4 e6 2. c4 f5 3. Nf3 Nf6 4. g3 d5 5. Bg2 Be7 6. O-O {[%emt 0:02:10] [#]} {Predecessor:} Ne4 $146 {A92: Classical Dutch: Classical Stonewall (with ...Be7): Early deviations.} 7. Nc3 c6 8. Qc2 Nd7 9. Rb1 a5 10. a3 O-O 11. Bf4 g5 12. Bd2 Bf6 13. e3 Rf7 14. Rfc1 {½-½ (52) Caruana,F (2792)-Rapport,R (2763) Baku 2021} *

[Event "AUT Bundesliga 2021-22"]
[Site "Graz"]
[Date "2022.04.22"]
[Round "10.17"]
[White "Sebenik, Matej"]
[Black "Deglmann, Ludwig"]
[Result "*"]
[ECO "A04"]
[WhiteElo "2510"]
[BlackElo "2248"]
[Annotator "TA"]
[PlyCount "31"]
[EventDate "2021.11.04"]
[EventType "team-tourn"]
[EventCountry "AUT"]
[SourceTitle "playchess.com"]
[Source "ChessBase"]
[SourceQuality "1"]
[TimeControl "40/5400+30:1800+30"]

1. Nf3 c5 2. c4 Nc6 3. Nc3 {[%emt 0:00:06] [#] Not much happened in this game.} {Predecessor:} Nf6 $146 4. e3 a6 5. d4 cxd4 6. exd4 {B13: Caro-Kann: Exchange Variation and Panov-Botvinnik Attack.} d5 7. Bg5 Be6 8. Be2 g6 9. Bxf6 exf6 10. O-O Bg7 11. c5 O-O 12. b4 f5 13. Qd2 Qf6 14. Rfd1 g5 15. Nxg5 Qxd4 16. Qxd4 {½-½ (16) Mamedyarov,S (2767)-Grandelius,N (2672) Wijk aan Zee 2022} *

[Event "AUT Bundesliga 2021-22"]
[Site "Graz"]
[Date "2022.04.22"]
[Round "10.18"]
[White "de Francesco, Klaus"]
[Black "Janzelj, Tim"]
[Result "*"]
[ECO "A42"]
[WhiteElo "2177"]
[BlackElo "2463"]
[Annotator "TA"]
[PlyCount "33"]
[EventDate "2021.11.04"]
[EventType "team-tourn"]
[EventCountry "AUT"]
[SourceTitle "playchess.com"]
[Source "ChessBase"]
[SourceQuality "1"]
[TimeControl "40/5400+30:1800+30"]

1. d4 d6 2. c4 g6 3. e4 Bg7 4. Nc3 Nc6 {[%emt 0:02:22] [#] An uneventful encounter.} {Predecessor:} 5. Be3 $146 e5 6. d5 {A42: Modern Defence: Averbakh Variation.} Nce7 7. g4 f5 8. gxf5 gxf5 9. Bh3 Nf6 10. Bg5 O-O 11. Nge2 fxe4 12. Bxc8 Qxc8 13. Rg1 Qf5 14. Qd2 Ng6 15. Ng3 Qf3 16. Bxf6 Rxf6 17. Ncxe4 {0-1 (33) Svidler,P (2694)-Nakamura,H (2736) Chess.com INT 2021} *

[Event "AUT Bundesliga 2021-22"]
[Site "Graz"]
[Date "2022.04.22"]
[Round "10.19"]
[White "Haba, Petr"]
[Black "Krassowizkij, Jaroslaw"]
[Result "*"]
[ECO "E04"]
[WhiteElo "2441"]
[BlackElo "2449"]
[Annotator "TA"]
[PlyCount "37"]
[EventDate "2021.11.04"]
[EventType "team-tourn"]
[EventCountry "AUT"]
[SourceTitle "playchess.com"]
[Source "ChessBase"]
[SourceQuality "1"]
[TimeControl "40/5400+30:1800+30"]

1. d4 d5 2. c4 e6 3. Nf3 Nf6 4. g3 dxc4 5. Bg2 c5 6. O-O Nc6 {[%emt 0:00:06] [#]} {Predecessor:} 7. Ne5 $146 {E04: Open Catalan: 5 Nf3.} Bd7 8. Na3 cxd4 9. Naxc4 Rc8 10. Qb3 Nxe5 11. Nxe5 Bd6 12. Nxd7 Qxd7 13. Rd1 Be5 14. Qxb7 Qxb7 15. Bxb7 Rc7 16. Bf3 Ke7 17. b3 Rd8 18. Bd2 Nd5 19. Ba5 {½-½ (73) Carlsen,M (2864)-Duda,J (2750) chess24.com INT 2022} *

[Event "AUT Bundesliga 2021-22"]
[Site "Graz"]
[Date "2022.04.22"]
[Round "10.20"]
[White "Kvetny, Mark"]
[Black "Kilgus, Georg"]
[Result "*"]
[ECO "E04"]
[WhiteElo "2417"]
[BlackElo "2415"]
[Annotator "TA"]
[PlyCount "26"]
[EventDate "2021.11.04"]
[EventType "team-tourn"]
[EventCountry "AUT"]
[SourceTitle "playchess.com"]
[Source "ChessBase"]
[SourceQuality "1"]
[TimeControl "40/5400+30:1800+30"]

1. d4 Nf6 2. c4 e6 3. Nf3 d5 4. g3 dxc4 5. Bg2 c6 {[%emt 0:00:03] [#]} {Predecessor:} 6. a4 $146 {E04: Open Catalan: 5 Nf3.} Bb4+ 7. Bd2 a5 8. Qc2 O-O 9. Qxc4 Bxd2+ 10. Nbxd2 b6 11. Qc2 Ba6 12. Ne4 Nxe4 13. Qxe4 Nd7 {½-½ (52) Andreikin,D (2724)-Xiong,J (2686) Chess.com INT 2022} *

[Event "AUT Bundesliga 2021-22"]
[Site "Graz"]
[Date "2022.04.22"]
[Round "10.21"]
[White "Leisch, Lukas"]
[Black "Spitzl, Vinzent"]
[Result "*"]
[ECO "A85"]
[WhiteElo "2403"]
[BlackElo "2319"]
[Annotator "TA"]
[PlyCount "39"]
[EventDate "2021.11.04"]
[EventType "team-tourn"]
[EventCountry "AUT"]
[SourceTitle "playchess.com"]
[Source "ChessBase"]
[SourceQuality "1"]
[TimeControl "40/5400+30:1800+30"]

1. d4 f5 2. c4 Nf6 3. Nc3 d6 4. Nf3 {[%emt 0:00:13] [#] An uneventful encounter.} {Predecessor:} g6 $146 5. g3 Bg7 6. Bg2 {A88: Dutch Defence: Leningrad System: 5 Nf3 0-0 6 0-0 d6 7 Nc3 c6.} O-O 7. O-O c6 8. d5 e5 9. dxe6 Bxe6 10. b3 Na6 11. Bb2 Nc5 12. Qc2 Qe7 13. Rad1 a5 14. e3 Rad8 15. Ne2 Kh8 16. Nf4 Bf7 17. Ng5 Bg8 18. Bc3 a4 19. Bd4 axb3 20. axb3 {1-0 (56) Esipenko,A (2682)-Dubov,D (2699) Chess.com INT 2020} *

[Event "AUT Bundesliga 2021-22"]
[Site "Graz"]
[Date "2022.04.22"]
[Round "10.23"]
[White "Webersberger, Johann"]
[Black "Neyman, Igor"]
[Result "*"]
[ECO "B22"]
[WhiteElo "2321"]
[BlackElo "2325"]
[Annotator "TA"]
[PlyCount "29"]
[EventDate "2021.11.04"]
[EventType "team-tourn"]
[EventCountry "AUT"]
[SourceTitle "playchess.com"]
[Source "ChessBase"]
[SourceQuality "1"]
[TimeControl "40/5400+30:1800+30"]

1. e4 c5 2. c3 d5 3. exd5 Qxd5 4. d4 e6 5. Nf3 Nf6 6. Na3 Nc6 {[%emt 0:02:19] [#]} {Predecessor:} 7. Be3 $146 {B22: Sicilian: 2 c3.} cxd4 8. Nb5 Qd7 9. Nbxd4 Nxd4 10. Bxd4 a6 11. Ne5 Qc7 12. Qa4+ Bd7 13. Nxd7 Qxd7 14. Qxd7+ Nxd7 15. g3 {½-½ (32) Aronian,L (2785)-Dubov,D (2711) Chess.com INT 2022} *

[Event "AUT Bundesliga 2021-22"]
[Site "Graz"]
[Date "2022.04.22"]
[Round "10.24"]
[White "Kranz, Armin"]
[Black "Lentrodt, Thomas"]
[Result "*"]
[ECO "D02"]
[WhiteElo "2117"]
[BlackElo "2253"]
[Annotator "TA"]
[PlyCount "33"]
[EventDate "2021.11.04"]
[EventType "team-tourn"]
[EventCountry "AUT"]
[SourceTitle "playchess.com"]
[Source "ChessBase"]
[SourceQuality "1"]
[TimeControl "40/5400+30:1800+30"]

1. d4 d5 2. Nf3 Nf6 3. c4 e6 4. g3 c6 {[%emt 0:02:24] [#] Not much happened in this game.} {Predecessor:} 5. Bg2 $146 Be7 6. O-O {A14: English Opening: 1...e6 with b3 by White.} O-O 7. b3 a5 8. Nc3 b6 9. Bb2 Ba6 10. Qc2 dxc4 11. Rfd1 cxb3 12. axb3 Nd5 13. Ne5 Bb7 14. e4 Nb4 15. Qe2 Nd7 16. Nc4 b5 17. Ne3 {1-0 (57) Sjugirov,S (2680)-Jumabayev,R (2628) Chess.com INT 2022} *

[Event "AUT Bundesliga 2021-22"]
[Site "Graz"]
[Date "2022.04.22"]
[Round "10.25"]
[White "Berkes, Ferenc"]
[Black "Neugebauer, Martin"]
[Result "*"]
[ECO "E53"]
[WhiteElo "2660"]
[BlackElo "2502"]
[Annotator "TA"]
[PlyCount "35"]
[EventDate "2021.11.04"]
[EventType "team-tourn"]
[EventCountry "AUT"]
[SourceTitle "playchess.com"]
[Source "ChessBase"]
[SourceQuality "1"]
[TimeControl "40/5400+30:1800+30"]

1. d4 Nf6 2. c4 e6 3. Nc3 Bb4 4. e3 O-O 5. Bd3 c5 6. Nf3 d5 7. O-O b6 8. cxd5 exd5 9. dxc5 {[%emt 0:00:35] [#] A rather calm draw. E53: Nimzo-Indian: Rubinstein: Main Line (4...0-0 5 Nf3 d5 6 Bd3 c5 7 0-0).} {Predecessor:} bxc5 $146 10. Bd2 Nc6 11. Rc1 Bg4 12. h3 Bh5 13. a3 Ba5 14. g4 Bg6 15. Bxg6 hxg6 16. b4 cxb4 17. Ne2 Rc8 18. axb4 {0-1 (35) Vachier Lagrave,M (2778)-Nepomniachtchi,I (2784) chess24.com INT 2020} *

[Event "AUT Bundesliga 2021-22"]
[Site "Graz"]
[Date "2022.04.22"]
[Round "10.26"]
[White "Dobosz, Henryk"]
[Black "Markus, Robert"]
[Result "*"]
[ECO "C15"]
[WhiteElo "2381"]
[BlackElo "2625"]
[Annotator "TA"]
[PlyCount "27"]
[EventDate "2021.11.04"]
[EventType "team-tourn"]
[EventCountry "AUT"]
[SourceTitle "playchess.com"]
[Source "ChessBase"]
[SourceQuality "1"]
[TimeControl "40/5400+30:1800+30"]

1. e4 e6 2. d4 d5 3. Nc3 Bb4 4. exd5 exd5 5. Bd3 {[%emt 0:00:42] [#] A rather calm draw.} {Predecessor:} Ne7 $146 6. Nf3 {C01: French: Exchange Variation.} Nbc6 7. O-O O-O 8. Ne2 Bf5 9. Ng3 Bxd3 10. Qxd3 Qd7 11. c3 Bd6 12. Bd2 Rae8 13. Rae1 f6 14. Nh4 {1-0 (34) Tari,A (2650)-Melkumyan,H (2649) Chess.com INT 2022} *

[Event "AUT Bundesliga 2021-22"]
[Site "Graz"]
[Date "2022.04.22"]
[Round "10.27"]
[White "Nagy, Gabor"]
[Black "Mira, Helene"]
[Result "*"]
[ECO "D37"]
[WhiteElo "2518"]
[BlackElo "2090"]
[Annotator "TA"]
[PlyCount "23"]
[EventDate "2021.11.04"]
[EventType "team-tourn"]
[EventCountry "AUT"]
[SourceTitle "playchess.com"]
[Source "ChessBase"]
[SourceQuality "1"]
[TimeControl "40/5400+30:1800+30"]

1. d4 d5 2. Nf3 Nf6 3. c4 e6 4. Nc3 Be7 {[%emt 0:00:50] [#] A rather calm draw.} {Predecessor:} 5. Bf4 $146 O-O 6. e3 {D37: Queen's Gambit Declined: 5 Bf4.} c5 7. dxc5 Bxc5 8. Qc2 Nc6 9. a3 Qa5 10. Rd1 h6 11. Be2 Ne4 12. cxd5 {½-½ (12) Vidit,S (2723)-Caruana,F (2781) Chess.com INT 2022} *

[Event "AUT Bundesliga 2021-22"]
[Site "Graz"]
[Date "2022.04.22"]
[Round "10.28"]
[White "Kozissnik, Christian"]
[Black "Mesaros, Florian"]
[Result "*"]
[ECO "D02"]
[WhiteElo "2018"]
[BlackElo "2419"]
[Annotator "TA"]
[PlyCount "26"]
[EventDate "2021.11.04"]
[EventType "team-tourn"]
[EventCountry "AUT"]
[SourceTitle "playchess.com"]
[Source "ChessBase"]
[SourceQuality "1"]
[TimeControl "40/5400+30:1800+30"]

1. d4 d5 2. Nf3 Nf6 3. g3 c5 4. Bg2 cxd4 5. O-O h6 {[%emt 0:01:36] [#]} {Predecessor:} 6. b3 $146 {D02: 1 d4 d5 2 Nf3 sidelines, including 2...Nf6 3 g3 and 2...Nf6 3 Bf4.} g6 7. Bb2 Bg7 8. Bxd4 Nc6 9. Bb2 O-O 10. Nbd2 Re8 11. Ne5 Qd6 12. Nxc6 bxc6 13. c4 Bf5 {0-1 (51) Rakhmanov,A (2640)-Vidit,S (2727) Chess.com INT 2022} *

[Event "AUT Bundesliga 2021-22"]
[Site "Graz"]
[Date "2022.04.22"]
[Round "10.30"]
[White "Amann, Harald"]
[Black "Csonka, Attila Istvan"]
[Result "*"]
[ECO "A04"]
[WhiteElo "1913"]
[BlackElo "2334"]
[Annotator "TA"]
[PlyCount "20"]
[EventDate "2021.11.04"]
[EventType "team-tourn"]
[EventCountry "AUT"]
[SourceTitle "playchess.com"]
[Source "ChessBase"]
[SourceQuality "1"]
[TimeControl "40/5400+30:1800+30"]

1. Nf3 Nc6 2. g3 e5 3. Nc3 d5 4. d4 {[%emt 0:01:59] [#] Not much happened in this game.} {Predecessor:} e4 $146 5. Ne5 Nxe5 6. dxe5 {A04: Unusual lines after 1 Nf3 and King's Indian Attack.} Be6 7. Bg2 h5 8. h4 c6 9. f3 exf3 10. exf3 Qb6 {0-1 (37) Gallego,J (1943)-Betancourt Giraldo,D (2174) Medellin 2017} *

[Event "AUT Bundesliga 2021-22"]
[Site "Graz"]
[Date "2022.04.22"]
[Round "10.31"]
[White "Bluebaum, Matthias"]
[Black "Dragnev, Valentin"]
[Result "*"]
[ECO "D04"]
[WhiteElo "2642"]
[BlackElo "2533"]
[Annotator "TA"]
[PlyCount "25"]
[EventDate "2021.11.04"]
[EventType "team-tourn"]
[EventCountry "AUT"]
[SourceTitle "playchess.com"]
[Source "ChessBase"]
[SourceQuality "1"]
[TimeControl "40/5400+30:1800+30"]

1. d4 Nf6 2. Nf3 d5 3. e3 c5 4. Nbd2 cxd4 5. exd4 Qc7 {[%emt 0:00:05] [#]} {Predecessor:} 6. Bd3 $146 {D04: Colle System.} Nc6 7. c3 Bg4 8. Qa4 Bd7 9. Qc2 Rc8 10. a3 Bg4 11. Qa4 e6 12. Ne5 Bh5 13. Nf1 {0-1 (74) Naroditsky,D (2623)-Lenderman,A (2607) Saint Louis 2021} *

[Event "AUT Bundesliga 2021-22"]
[Site "Graz"]
[Date "2022.04.22"]
[Round "10.32"]
[White "Blohberger, Felix"]
[Black "Nisipeanu, Liviu-Dieter"]
[Result "*"]
[ECO "C49"]
[WhiteElo "2503"]
[BlackElo "2652"]
[Annotator "TA"]
[PlyCount "30"]
[EventDate "2021.11.04"]
[EventType "team-tourn"]
[EventCountry "AUT"]
[SourceTitle "playchess.com"]
[Source "ChessBase"]
[SourceQuality "1"]
[TimeControl "40/5400+30:1800+30"]

1. e4 e5 2. Nf3 Nc6 3. Nc3 Nf6 4. Bb5 Bb4 5. O-O O-O 6. Bxc6 {[%emt 0:03:20] [#]} {Predecessor:} dxc6 $146 {C49: Four Knights: 4 Bb5 Bb4.} 7. d3 Re8 8. Be3 Bf8 9. Ne2 c5 10. b3 Nd7 11. Nd2 Nb8 12. f4 exf4 13. Nxf4 Nc6 14. Kh1 Ne5 15. h3 f5 {0-1 (47) Chigaev,M (2643)-Artemiev,V (2704) Moscow 2021} *

[Event "AUT Bundesliga 2021-22"]
[Site "Graz"]
[Date "2022.04.22"]
[Round "10.33"]
[White "Donchenko, Alexander"]
[Black "Peyrer, Konstantin"]
[Result "*"]
[ECO "E70"]
[WhiteElo "2619"]
[BlackElo "2301"]
[Annotator "TA"]
[PlyCount "31"]
[EventDate "2021.11.04"]
[EventType "team-tourn"]
[EventCountry "AUT"]
[SourceTitle "playchess.com"]
[Source "ChessBase"]
[SourceQuality "1"]
[TimeControl "40/5400+30:1800+30"]

1. c4 g6 2. Nc3 Bg7 3. d4 Nf6 4. e4 d6 {[%emt 0:00:06] [#] An uneventful encounter.} {Predecessor:} 5. Be2 $146 O-O 6. h4 {E73: King's Indian: Averbakh Variation without 6...c5.} c5 7. d5 e6 8. h5 exd5 9. exd5 Re8 10. h6 Bh8 11. Bg5 Qb6 12. b3 Ne4 13. Nxe4 Rxe4 14. Kf1 Na6 15. Bd3 Bg4 16. f3 {½-½ (33) Oparin,G (2674)-Nakamura,H (2750) Berlin 2022} *

[Event "AUT Bundesliga 2021-22"]
[Site "Graz"]
[Date "2022.04.22"]
[Round "10.34"]
[White "Schneider-Zinner, Harald"]
[Black "Svane, Rasmus"]
[Result "*"]
[ECO "A46"]
[WhiteElo "2370"]
[BlackElo "2637"]
[Annotator "TA"]
[PlyCount "27"]
[EventDate "2021.11.04"]
[EventType "team-tourn"]
[EventCountry "AUT"]
[SourceTitle "playchess.com"]
[Source "ChessBase"]
[SourceQuality "1"]
[TimeControl "40/5400+30:1800+30"]

1. d4 Nf6 2. Nf3 d5 3. g3 c5 {[%emt 0:01:44] [#] A rather calm draw.} {Predecessor:} 4. Bg2 $146 e6 5. O-O Nc6 6. e3 {D02: 1 d4 d5 2 Nf3 sidelines, including 2...Nf6 3 g3 and 2...Nf6 3 Bf4.} b6 7. c4 cxd4 8. Nxd4 Nxd4 9. exd4 Be7 10. Nc3 O-O 11. cxd5 Nxd5 12. Nxd5 exd5 13. Bf4 Be6 14. Qa4 {1-0 (52) Carlsen,M (2864)-Duda,J (2750) chess24.com INT 2022} *

[Event "AUT Bundesliga 2021-22"]
[Site "Graz"]
[Date "2022.04.22"]
[Round "10.35"]
[White "Acs, Peter"]
[Black "Steindl, Johannes"]
[Result "*"]
[ECO "C02"]
[WhiteElo "2591"]
[BlackElo "2237"]
[Annotator "TA"]
[PlyCount "29"]
[EventDate "2021.11.04"]
[EventType "team-tourn"]
[EventCountry "AUT"]
[SourceTitle "playchess.com"]
[Source "ChessBase"]
[SourceQuality "1"]
[TimeControl "40/5400+30:1800+30"]

1. e4 e6 2. d4 d5 3. e5 c5 4. c3 Nc6 5. Nf3 Qb6 6. Bd3 Bd7 7. O-O {[%emt 0:00:59] The main line 7.0-0 scores better than 7.dxc5.} cxd4 {[%emt 0:00:05] C02: French: Advance Variation.} 8. Re1 Nge7 {[%emt 0:00:15] [#] An uneventful encounter.} {Predecessor:} 9. h4 $146 h6 10. a3 Rc8 11. b4 a6 12. Bb2 g5 13. Nh2 Bg7 14. Ng4 gxh4 15. cxd4 {1-0 (26) Vachier Lagrave,M (2763)-Ponkratov,P (2659) Riga 2021} *

[Event "AUT Bundesliga 2021-22"]
[Site "Graz"]
[Date "2022.04.22"]
[Round "10.36"]
[White "Steiner, Adam"]
[Black "Boensch, Uwe"]
[Result "*"]
[ECO "B30"]
[WhiteElo "2220"]
[BlackElo "2494"]
[Annotator "TA"]
[PlyCount "24"]
[EventDate "2021.11.04"]
[EventType "team-tourn"]
[EventCountry "AUT"]
[SourceTitle "playchess.com"]
[Source "ChessBase"]
[SourceQuality "1"]
[TimeControl "40/5400+30:1800+30"]

1. e4 c5 2. Nf3 Nc6 3. Bc4 e6 4. O-O {[%emt 0:00:43] [#] An uneventful encounter.} {Predecessor:} Nf6 $146 5. Re1 Nxe4 6. Rxe4 {B30: Sicilian: 2...Nc6 3 Bb5, lines without ...g6.} d5 7. Bxd5 Qxd5 8. Nc3 Qf5 9. d4 cxd4 10. Nxd4 Nxd4 11. Rxd4 Be7 12. Be3 O-O {½-½ (42) Adhiban,B (2648)-Sethuraman,S (2619) chess24.com INT 2022} *

[Event "AUT Bundesliga 2021-22"]
[Site "Graz"]
[Date "2022.04.23"]
[Round "11.1"]
[White "Dragnev, Valentin"]
[Black "Rozentalis, Eduardas"]
[Result "1/2-1/2"]
[ECO "C42"]
[WhiteElo "2533"]
[BlackElo "2542"]
[Annotator "TA"]
[PlyCount "109"]
[EventDate "2021.01.17"]
[EventType "team-tourn"]
[EventCountry "AUT"]
[SourceTitle "playchess.com"]
[Source "ChessBase"]
[SourceQuality "1"]
[TimeControl "40/5400+30:1800+30"]

1. e4 e5 2. Nf3 Nf6 3. Nxe5 d6 4. Nf3 Nxe4 5. d4 Be7 6. Bd3 Nf6 7. O-O Nc6 8. h3 O-O 9. Re1 {[%emt 0:00:06] C42: Petroff Defence: 3 Nxe5 and unusual White 3rd moves.} h6 10. c3 Re8 11. Bf4 {[%emt 0:01:52] White is slightly better.} Bf8 12. Rxe8 Qxe8 13. Nbd2 Be6 {[%emt 0:02:53] [#]} 14. Qc2 $146 ({Predecessor:} 14. Ne4 Nxe4 15. Bxe4 f5 16. Bc2 Qf7 17. Bb3 Ne7 18. Bxe6 Qxe6 19. Qb3 Qxb3 20. axb3 {½-½ (31) Predojevic,B (2625)-Rozentalis,E (2509) Austria 2018}) 14... Qd7 15. b4 a6 16. a3 b5 17. a4 Rb8 18. Nf1 Ne7 19. Ng3 Qc6 20. axb5 axb5 21. Ne1 Bc4 (21... Ned5 $5 22. Bd2 g6 $11) 22. Bxc4 {[%emt 0:01:46] The position is equal.} Qxc4 23. Qd3 Qc6 24. Bd2 g6 25. Nc2 Ned5 26. Ra5 Qd7 27. Ne4 Nxe4 28. Qxe4 c6 29. Ne3 Nxe3 30. Bxe3 d5 31. Qg4 Qxg4 32. hxg4 $11 {[%emt 0:00:03][%mdl 4096] Endgame KRB-KRB} Re8 33. Ra6 Re6 34. Ra8 {[%emt 0:01:58] [#] Bxh6 is the strong threat.} g5 35. Kf1 Kg7 36. Bd2 Be7 37. f3 Bd6 38. Kf2 Kg6 39. Rg8+ Kh7 40. Rc8 Kg6 41. Rg8+ Kh7 42. Rc8 Kg6 43. Be1 f5 44. gxf5+ Kxf5 45. g4+ Kf6 46. Bd2 Ke7 47. Rh8 Rf6 48. Kg2 Kd7 49. Rh7+ Ke6 50. Be1 Bf4 51. Bg3 Bxg3 52. Kxg3 Kd6 53. Rg7 Ke6 54. Rh7 Kd6 55. Rg7 {[%emt 0:00:04] Weighted Error Value: White=0.03 (flawless) /Black=0.02 (flawless)} 1/2-1/2